 Dungeon Crawl Stone Soup version 0.29-a0-824-gd827844252 (webtiles) character file.

Game seed: 6024449277733682711

2058 Spectrina the Covert (level 9, -7/55 HPs)
             Began as a Vampire Delver on July 9, 2022.
             Was a Follower of Uskayaw.
             Mangled by an orc knight
             ... wielding a +0 war axe
              (21 damage)
             ... in a bailey on July 10, 2022.
             The game lasted 00:27:31 (2557 turns).

Spectrina the Covert (Vampire Delver)               Turns: 2557, Time: 00:27:32

Health: -7/55      AC: 11    Str: 11    XL:     9   Next: 5%
Magic:  11/11      EV: 11    Int: 16    God:    Uskayaw [*.....]
Gold:   70         SH:  0    Dex: 22    Spells: 0/8 levels left

rFire   + . .      SeeInvis +   a - +7 Throatcutter {drain, coup de grace}
rCold   . . .      Faith    .   (no shield)
rNeg    . . .      Spirit   .   v - +2 ring mail {rF+}
rPois   .          Reflect  .   i - +0 helmet
rElec   .          Harm     .   (no cloak)
rCorr   .          Rampage  .   D - +2 pair of gloves
Will    .....                   (no boots)
Stlth   ++........              (no amulet)
HPRegen 0.38/turn               E - +6 ring of dexterity
MPRegen 0.12/turn               (no ring)

@: confused, ambrosia-drunk, healing quickly
A: alive, fangs 3, see invisible, vampiric 2, [frail 1]
a: Exsanguinate, Renounce Religion, Stomp


You were in a bailey.
You worshipped Uskayaw.
Uskayaw was noncommittal.
You visited 2 branches of the dungeon, and saw 8 of its levels.
You also visited: Bailey.

You collected 251 gold pieces.
You spent 181 gold pieces at shops.

Inventory:

Hand Weapons
 a - the +7 Throatcutter (weapon) {drain, coup de grace}
   (You found it on level 3 of the Dungeon)

   A truly terrible weapon, it drains the life of any living foe it strikes.
   It may instantly kill foes which have little health.
 b - a +3 dagger
 n - a +0 short sword
 y - a +0 shortbow
 B - a +2 dagger of draining
Missiles
 o - 8 poisoned darts (quivered)
Armour
 i - a +0 helmet (worn)
 m - a +0 leather armour
 t - a +0 leather armour of willpower
 v - a +2 ring mail of fire resistance (worn)
 x - a +2 leather armour of positive energy
 C - a +2 robe of willpower
 D - a +2 pair of gloves (worn)
 H - a +3 leather armour
Jewellery
 E - a +6 ring of dexterity (left hand)
Wands
 g - a wand of digging (3)
 z - a wand of polymorph (4)
Scrolls
 c - a scroll of fog
 d - 2 scrolls of magic mapping
 h - a scroll of enchant armour {unknown}
 j - a scroll of torment {unknown}
 p - 2 scrolls of amnesia {unknown}
 r - 2 scrolls of poison {unknown}
 s - a scroll of noise {unknown}
 u - 2 scrolls of enchant weapon {unknown}
 w - 2 scrolls of teleportation {unknown}
 A - a scroll of vulnerability {unknown}
Potions
 f - a potion of haste
 k - 2 potions of magic
 l - a potion of heal wounds
 F - a potion of curing {unknown}
 G - a potion of flight {unknown}


   Skills:
 - Level 2.6 Fighting
 - Level 3.2(5.3) Short Blades
 + Level 6.0(6.3) Long Blades
 - Level 2.1 Dodging
 + Level 12.3 Stealth
 + Level 6.0 Air Magic
 + Level 3.5 Invocations


You couldn't memorise any spells.
You knew the following spells:

 Your Spells              Type           Power      Damage    Failure   Level
a - Shock                 Conj/Air       36%        1d5       19%         1
p - Swiftness             Air            19%        N/A       16%         3
q - Airstrike             Air            9%         0-4+      45%         4

Your spell library contained the following spells:

 Spells                   Type           Power      Damage    Failure   Level
 Static Discharge         Conj/Air       9%         3-5/arc   26%         2
 Beastly Appendage        Tmut           0%         N/A       52%         1
 Wereblood                Tmut           0%         N/A       67%         2
 Spider Form              Tmut/Pois      0%         N/A       88%         3
 Dispel Undead            Necr           0%         3d6       99%         4
 Leda's Liquefaction      Hex/Erth       0%         N/A       99%         4
 Sticky Flame             Conj/Fire      0%         2d3       99%         4
 Lee's Rapid Deconstruct  Erth           0%         3d5*      100%        5
 Statue Form              Tmut/Erth      0%         N/A       100%        6


Dungeon Overview and Level Annotations

Branches:
Dungeon (9/15)             Temple (1/1) D:5          Bailey (1/1)
   Lair: D:8-11         Orc: D:9-12

Altars:
Cheibriados
Dithmenos
Fedhas
Gozag
Kikubaaqudgha
Makhleb
Nemelex Xobeh
Okawaru
Qazlal
Ru
Sif Muna
Trog
Uskayaw
Vehumet
Wu Jian
Xom

Shops:
D:7 *

Portals:
Abyss: D:7

Annotations:
D:5 Duvessa
D:7 2 transporters, kevlar127's ghost, novice TrBe
D:9 Gastronok


Innate Abilities, Weirdness & Mutations

Your natural rate of healing is accelerated.
You have razor-sharp teeth.
You have supernaturally acute eyesight. (SInv)
You are afflicted with vampirism and can become a bat while bloodless.
[You are frail. (-10% HP)]


Message History

Unknown command.
o - 8 poisoned darts (gained 1)
There is a gate leading back out of this place here.
You can no longer pass through a line of other dancers.
Things that are here:
a +0 hand axe; a +0 leather armour; a goblin corpse Unknown command.
Aiming: Polymorph
Press: ? - help, Shift-Dir - straight line, f - orc knight
Aim: an orc knight, wielding a +0 war axe and wearing a +0 plate armour (will become a swamp dragon, a sea snake, or a golden eye, chance to affect: 31%)
The orc knight easily resists.
Aiming: Polymorph
Press: ? - help, Shift-Dir - straight line, f/p - orc knight
Aim: an orc knight, wielding a +0 war axe and wearing a +0 plate armour (will become a swamp dragon, a sea snake, or a golden eye, chance to affect: 31%)
The orc knight easily resists.
Aiming: Polymorph
Press: ? - help, Shift-Dir - straight line, f/p - orc knight
Aim: an orc knight, wielding a +0 war axe and wearing a +0 plate armour (will become a swamp dragon, a sea snake, or a golden eye, chance to affect: 31%)
The orc knight easily resists.
Aiming: Polymorph
Press: ? - help, Shift-Dir - straight line, f/p - orc knight
Aim: an orc knight, wielding a +0 war axe and wearing a +0 plate armour (will become a swamp dragon, a sea snake, or a golden eye, chance to affect: 31%)
The orc knight easily resists.
Aiming: Polymorph
Press: ? - help, Shift-Dir - straight line, f/p - orc knight
Aim: an orc knight, wielding a +0 war axe and wearing a +0 plate armour (will become a swamp dragon, a sea snake, or a golden eye, chance to affect: 31%)
The orc knight easily resists.
You are confused.
You feel invigorated.
The orc knight hits you but does no damage.
Unknown command.
You slash the orc knight!
The orc knight is lightly wounded.
The orc knight hits you with a +0 war axe!
* * * LOW HITPOINT WARNING * * *
Unknown command.
You hit the orc knight. Your bite misses the orc knight.
The orc knight is moderately wounded.
The orc knight hits you with a +0 war axe!!
You die...

#≈≈≈≈≈# #≈≈≈≈≈#
###≈≈≈≈≈# #.≈≈≈≈≈≈#
#.≈≈≈≈≈.######
####++#.≈≈≈≈≈......#
#.....#.≈≈≈≈≈......###
#.....'...........)..#
#).⌠..'....)o@...∩..∩#
#.....'..............#
#.....#.≈≈≈≈≈......###
#####++#.≈≈≈≈≈......#
#..)...#.≈≈≈≈≈.######
#..)...#.≈≈≈≈≈≈#
###...######≈≈≈≈≈#
8.8.8.# #≈≈≈≈≈#
......# #≈≈≈≈≈#


You could see an orc knight.

Vanquished Creatures
  A water moccasin (D:7)
  An ice beast (D:8)
  An orc warrior (Bailey)
  A centaur (D:7)
  2 kobold brigands
  2 bullfrogs
  A necrophage (D:6)
  2 scorpions
  8 wights (D:8)
  A jelly (D:5)
  7 orc priests
  5 hounds
  2 iguanas (D:4)
  12 orc wizards
  3 adders
  2 shadow imps
  A white imp (D:6)
  A dart slug (D:3)
  19 orcs
  2 endoplasms (D:4)
  A giant cockroach (D:4)
  2 hobgoblins
  6 kobolds
  A ball python (D:4)
  A frilled lizard (D:3)
  2 goblins (Bailey)
  A rat (D:3)
88 creatures vanquished.

Vanquished Creatures (others)
  21 plants (D:4)
21 creatures vanquished.

Grand Total: 109 creatures vanquished

Notes
Turn   | Place    | Note
-------+----------+-------------------------------------------
     0 | D:5      | Spectrina the Vampire Delver began the quest for the Orb.
     0 | D:5      | Reached XP level 1. HP: 17/17 MP: 1/1
    20 | D:5      | Noticed a hound
    26 | D:5      | Killed a hound
    27 | D:5      | Reached skill level 8 in Stealth
    27 | D:5      | Reached XP level 2. HP: 18/18 MP: 2/2
    75 | D:4      | Gained mutation: You are afflicted with vampirism and can
                  | become a bat while bloodless. [Vampire growth]
    75 | D:4      | Reached XP level 3. HP: 22/22 MP: 3/3
    77 | D:4      | Learned a level 1 spell: Shock
    77 | D:4      | Noticed a necrophage
   158 | D:3      | Found the +7 Throatcutter {drain, coup de grace}
   158 | D:3      | Noticed a kobold brigand
   158 | D:3      | Noticed a kobold brigand
   229 | D:3      | Killed a kobold brigand
   230 | D:3      | Reached skill level 1 in Long Blades
   230 | D:3      | Reached skill level 1 in Air Magic
   230 | D:3      | Reached XP level 4. HP: 27/27 MP: 4/4
   350 | D:4      | Reached XP level 5. HP: 30/31 MP: 5/5
   415 | D:4      | Noticed a black bear
   479 | D:4      | Reached skill level 9 in Stealth
   521 | D:5      | Noticed Duvessa
   587 | D:5      | Learned a level 3 spell: Swiftness
   654 | D:6      | Reached XP level 6. HP: 36/36 MP: 6/6
   826 | D:5      | Found an opulent altar of Gozag.
   927 | D:5      | Found a staircase to the Ecumenical Temple.
  1039 | Temple   | Entered the Ecumenical Temple
  1103 | Temple   | Became a worshipper of Uskayaw the Reveller
  1295 | D:7      | Reached * piety under Uskayaw
  1298 | D:7      | Reached ** piety under Uskayaw
  1299 | D:7      | Reached skill level 10 in Stealth
  1301 | D:7      | Reached *** piety under Uskayaw
  1302 | D:7      | Reached XP level 7. HP: 25/40 MP: 7/7
  1307 | D:7      | Reached **** piety under Uskayaw
  1359 | D:7      | Reached ***** piety under Uskayaw
  1414 | D:6      | Reached skill level 1 in Invocations
  1422 | D:6      | Reached skill level 11 in Stealth
  1435 | D:6      | Reached XP level 8. HP: 34/45 MP: 8/8
  1688 | D:7      | Found a sacrificial altar of Ru.
  1688 | D:7      | Found a burning altar of Makhleb.
  1766 | D:7      | Noticed an ancient zyme
  1836 | D:7      | Found a transporter.
  1840 | D:7      | Found a one-way gate to the infinite horrors of the Abyss.
  1840 | D:7      | Noticed kevlar127's ghost (novice TrBe)
  1904 | D:8      | Reached skill level 5 in Long Blades
  1904 | D:8      | Reached skill level 5 in Air Magic
  1964 | D:7      | Found Dusa's General Store.
  1972 | D:7      | Bought a +2 pair of gloves for 181 gold pieces
  2163 | D:7      | Found a transporter.
  2184 | D:8      | Reached skill level 12 in Stealth
  2283 | D:9      | Noticed Gastronok
  2388 | D:9      | Found a flagged portal.
  2398 | Bailey   | Entered a bailey
  2432 | Bailey   | Reached XP level 9. HP: 49/49 MP: 11/11
  2437 | Bailey   | Learned a level 4 spell: Airstrike
  2445 | Bailey   | Noticed an orc knight
  2557 | Bailey   | Mangled by an orc knight

Illustrated notes

Levels and vault maps discovered:
D:3:      wander_river, layout_loops_ring,
          hellmonk_ecumenical_altar_pennies_from_heaven,
          dilly_guarded_unrand_throatcut
D:4:      layout_basic, serial_bayou, serial_bayou_lagoon_b,
          serial_bayou_shore_a, serial_bayou_lake_a, serial_bayou_pond_b,
          kennysheep_flooded_box, grunt_tough_drop
D:5:      layout_basic, nicolae_gozag_cash_rules_everything_around_me,
          minmay_temple_entry_offerings, uniq_duvessa
D:6:      layout_loops_ring, mainiacjoe_overflow_catwalk_spiral, serial_rivers,
          chequers_serial_rivers_micro_d, chequers_serial_rivers_micro_c,
          chequers_serial_rivers_room_b, chequers_serial_rivers_room_a,
          chequers_serial_rivers_micro_b, chequers_serial_rivers_micro_a
D:7:      layout_loops_corners, chequers_temple_overflow_statue_of_worship,
          serial_shops, shop, gammafunk_ghost_abyssal_escape
D:8:      layout_gridville, serial_shops, nicolae_shop_bloodbath_and_beyond
D:9:      layout_basic, dpeg_lair_monsters, enter_bailey_8, uniq_gastronok
Temple:   kb_temple_of_zot
Bailey:   bailey_axe_of_yendor_kennysheep, bailey

Skill      XL: |  1  2  3  4  5  6  7  8  9 |
---------------+----------------------------+-----
Short Blades   | 3 |  3.2
Stealth        | 8 9 10 11 12 | 12.3
Long Blades    | 1 2 3 4 5 6 |  6.0
Air Magic      | 1 2 3 4 5 6 |  6.0
Invocations    | 1 3 |  3.5
Fighting       | |  2.6
Dodging        | |  2.1

Action                   |  1- 3 |  4- 6 |  7- 9 || total
-------------------------+-------+-------+-------++-------
Melee: Short sword       |    12 |       |       ||    12
       Long sword        |     1 |    54 |   129 ||   184
       Bite              |     1 |     5 |     7 ||    13
       Dagger            |       |     1 |     2 ||     3
Throw: Dart              |       |     7 |     1 ||     8
 Cast: Swiftness         |       |     1 |       ||     1
       Shock             |       |       |     3 ||     3
 Abil: Exsanguinate      |     1 |       |       ||     1
       End Transformatio |       |     1 |       ||     1
       Bat Form          |       |     1 |       ||     1
       Revivify          |       |       |     1 ||     1
Evoke: Wand              |       |       |     5 ||     5
  Use: Scroll            |       |       |     4 ||     4
       Potion            |       |       |     1 ||     1
 Stab: Sleeping          |     4 |     8 |    12 ||    24
       Distracted        |       |     2 |       ||     2
       Paralysed         |       |       |     4 ||     4
Armor: Leather armour    |     1 |     1 |       ||     2
       Ring mail         |       |     3 |    40 ||    43
Dodge: Dodged            |     9 |    31 |    57 ||    97

Table legend: (Time is in decaauts)
 A = Elapsed time spent in this place.
 B = Non-inter-level travel time spent in this place.
 C = Inter-level travel time spent in this place.
 D = Time resting spent in this place.
 E = Time spent auto-exploring this place.
 F = Levels seen in this place.
 G = Mean time per level.
                   A        B        C        D        E       F      G
               +--------+--------+--------+--------+--------+-----+--------+
         Total |   2480 |   2403 |     77 |      0 |      0 |   9 |  275.6 |
       Dungeon |   2263 |   2186 |     77 |      0 |      0 |   7 |  323.3 |
        Temple |     57 |     57 |      0 |      0 |      0 |   1 |   57.0 |
        Bailey |    159 |    159 |      0 |      0 |      0 |   1 |  159.0 |
               +--------+--------+--------+--------+--------+-----+--------+

Top non-repeatable levels by time:
     D:5: 546 daAuts
     D:7: 515 daAuts
     D:6: 430 daAuts
     D:4: 274 daAuts
     D:9: 192 daAuts
     D:3: 186 daAuts
  Bailey: 159 daAuts
     D:8: 119 daAuts
  Temple: 57 daAuts
